 Dungeon Crawl Stone Soup version 0.30-a0-219-gf2db51d15e (webtiles) character file.

Game seed: 9711565770836512624

199 freelancePsychic the Sneak (level 5, -1/31 HPs)
             Began as a Tengu Wanderer on Oct 7, 2022.
             Was a Follower of Cheibriados.
             Slain by Crazy Yiuf
             ... wielding a +3 quarterstaff of chaos
              (15 damage)
             ... on level 3 of the Dungeon on Oct 8, 2022.
             The game lasted 00:06:23 (2505 turns).

freelancePsychic the Sneak (Tengu Wanderer)         Turns: 2505, Time: 00:06:23

Health: -1/31      AC:  8    Str: 13    XL:     5   Next: 77%
Magic:  0/7        EV: 14    Int: 15    God:    Cheibriados [*.....]
Gold:   148        SH:  0    Dex: 18    Spells: 5/6 levels left

rFire   + . .      SeeInvis .    a - +2 short sword (venom)
rCold   . . .      Faith    .    (no shield)
rNeg    . . .      Spirit   +    o - +2 ring mail {rF+}
rPois   .          Reflect  .    (helmet restricted)
rElec   .          Harm     .    c - +0 cloak
rCorr   .          Rampage  .    (no gloves)
Will    .....                    (boots unavailable)
Stlth   ++........               g - amulet of guardian spirit
HPRegen 0.25/turn                (no ring)
MPRegen 0.10/turn                (no ring)

@: flying quickly and evasively, studying Unarmed Combat, very slow
A: beak, talons 3, nimble flight
a: Renounce Religion, Bend Time


You were on level 3 of the Dungeon.
You worshipped Cheibriados.
Cheibriados was aware of your devotion.
You visited 1 branch of the dungeon, and saw 3 of its levels.

You collected 148 gold pieces.

Inventory:

Hand Weapons
 a - a +2 short sword of venom (weapon)
Armour
 c - a +0 cloak (worn)
 o - a +2 ring mail of fire resistance (worn)
Jewellery
 e - an amulet of faith
 g - an amulet of guardian spirit (around neck)
 l - an amulet of regeneration
Scrolls
 f - a scroll of magic mapping {unknown}
 i - a scroll of teleportation {@r4}
 k - a scroll of noise
 n - 2 scrolls of poison
 p - a scroll of enchant weapon
Potions
 b - 2 potions of haste {@q3}
 d - a potion of heal wounds {@q2}
 h - a potion of mutation {unknown}
 j - a potion of curing {@q1}
 m - a potion of cancellation {unknown}


   Skills:
 + Level 2.4 Fighting
 - Level 2.1 Short Blades
 - Level 3.6 Dodging
 - Level 5.0 Stealth
 * Level 4.8 Unarmed Combat
 - Level 1.0 Spellcasting
 - Level 2.0 Poison Magic


You had 5 spell levels left.
You knew the following spells:

 Your Spells              Type           Power      Damage    Failure   Level
a - Sting                 Tmut/Pois      12%        1d3       34%         1

Your spell library contained the following spells:

 Spells                   Type           Power      Damage    Failure   Level
 Sublimation of Blood     Necr           0%         N/A       63%         2
 Wereblood                Tmut           0%         N/A       63%         2
 Spider Form              Tmut/Pois      3%         N/A       71%         3
 Portal Projectile        Hex/Tloc       0%         N/A       85%         3
 Tukima's Dance           Hex            0%         N/A       85%         3
 Blade Hands              Tmut           0%         N/A       100%        5
 Summon Hydra             Summ           0%         N/A       100%        7


Dungeon Overview and Level Annotations

Branches:
Dungeon (3/15)

Altars:
Cheibriados

Shops:
D:1 [

Annotations:
D:3 Crazy Yiuf


Innate Abilities, Weirdness & Mutations

You have a beak for a mouth.
You have claws for feet.
Your magical nature lets you fly swiftly and evasively.


Message History

No target in view!
No target in view!
No target in view!
Found a stone staircase leading down.
Found a dagger.
There is a stone staircase leading down here.
You see here a +0 dagger.
Found a short sword.
Crazy Yiuf shouts!
Could not explore, unopened runed door.
Could not explore, unopened runed door.
You reach down and open the door.
Crazy Yiuf drinks a potion.
Crazy Yiuf seems to grow stronger.
Crazy Yiuf hits you with a +3 quarterstaff of chaos.
Crazy Yiuf closely misses you.
There is an open translucent door here.
You barely miss Crazy Yiuf. Crazy Yiuf barely misses you.
You closely miss Crazy Yiuf. You claw Crazy Yiuf, but do no damage.
You peck Crazy Yiuf. Your punch misses Crazy Yiuf.
Crazy Yiuf is lightly wounded.
You hit Crazy Yiuf. Your kick misses Crazy Yiuf. Your peck misses Crazy Yiuf.
Crazy Yiuf is moderately wounded.
Crazy Yiuf hits you with a +3 quarterstaff of chaos!!
Ouch! That really hurt!
Crazy Yiuf freezes you.
You are too injured to fight recklessly!
You are too injured to fight recklessly!
You hit Crazy Yiuf.
Crazy Yiuf is poisoned.
You peck Crazy Yiuf, but do no damage.
Crazy Yiuf is heavily wounded.
Crazy Yiuf barely misses you.
You hit Crazy Yiuf but do no damage.
Crazy Yiuf looks as sick as possible!
Crazy Yiuf is heavily wounded.
Crazy Yiuf cries, "Hack!"
Crazy Yiuf closely misses you.
You hit Crazy Yiuf but do no damage.
Crazy Yiuf looks as sick as possible!
You peck Crazy Yiuf, but do no damage.
Crazy Yiuf is heavily wounded.
Crazy Yiuf hits you with a +3 quarterstaff of chaos!
You die...

###.##########.##
#.#####<.####
................#
#.#####......
###.##########.##
#.......#####
......# ###
######.## ....#.#
#.## #####.#
#######..# # #.#
#### ###.#...##.#
# #.#
#...##..#.......#
# ###.###
#..g@.####......#
# #.....# #)..###
##..#.## #
#.....# ####
###### # #.....#
# #.....# #
#....)# ### #
####### #.#
#.....# #.#
#.###.#######.#


You could see Crazy Yiuf (strong, extremely poisoned).

Vanquished Creatures
  2 orc wizards
  4 adders
  A worm (D:2)
  3 dart slugs
  7 orcs
  6 endoplasms
  A giant cockroach (D:3)
  7 goblins
  7 hobgoblins
  4 jackals
  3 quokkas
  13 ball pythons
  8 bats
  5 frilled lizards
  14 kobolds
  11 rats
96 creatures vanquished.

Notes
Turn   | Place    | Note
-------+----------+-------------------------------------------
     0 | D:1      | freelancePsychic the Tengu Wanderer began the quest for the
                  | Orb.
     0 | D:1      | freelancePsychic set off with the following items: a +2
                  | dagger, a potion of haste {@q3}, a +0 cloak, a potion of
                  | heal wounds {@q2}, a +0 robe; and the following spell
                  | memorised: Sting; and the following spells available to
                  | memorise: Spider Form.
     0 | D:1      | Reached XP level 1. HP: 10/10 MP: 3/3
    58 | D:1      | Reached skill level 1 in Short Blades
    58 | D:1      | Reached XP level 2. HP: 16/16 MP: 4/4
   191 | D:1      | Reached XP level 3. HP: 19/20 MP: 3/5
   269 | D:1      | Reached skill level 1 in Fighting
   347 | D:1      | Found Jahiob's Armour Shoppe.
   706 | D:2      | Identified the +6 whip of Anger {antimagic, +Blink rC+ rN+}
   834 | D:2      | Reached skill level 1 in Unarmed Combat
   834 | D:2      | Reached XP level 4. HP: 21/25 MP: 6/6
  1235 | D:2      | Found a faded altar of an unknown god.
  1692 | D:3      | Found a runed translucent door.
  1693 | D:3      | Noticed Crazy Yiuf
  1792 | D:3      | Gained mutation: Your magical nature lets you fly swiftly
                  | and evasively. [Tengu growth]
  1792 | D:3      | Reached XP level 5. HP: 30/30 MP: 7/7
  1810 | D:3      | Found a snail-covered altar of Cheibriados.
  1891 | D:3      | Became a worshipper of Cheibriados the Contemplative
  2343 | D:3      | Reached * piety under Cheibriados
  2505 | D:3      | Slain by Crazy Yiuf

Illustrated notes

Levels and vault maps discovered:
D:1:      evilmike_arrival_plus, layout_rooms, serial_shops, shop, st_stairs_1,
          grunt_decor_resistance
D:2:      minmay_thinvault, layout_basic,
          dreamdust_ecumenical_altar_hidden_monk_grotto,
          minmay_stone_trees_small
D:3:      layout_loops_cross, cheibriados_altar_1, uniq_crazy_yiuf_cottage

Skill      XL: |  1  2  3  4  5 |
---------------+----------------+-----
Short Blades   | 1 2 |  2.1
Dodging        | 3 |  3.6
Fighting       | 1 2 |  2.4
Unarmed Combat | 1 3 4 |  4.8
Stealth        | |  5.0
Spellcasting   | |  1.0
Poison Magic   | |  2.0

Action                   |  1- 3 |  4- 6 || total
-------------------------+-------+-------++-------
Melee: Dagger            |    67 |       ||    67
       Kick              |    19 |    26 ||    45
       Peck              |     4 |    13 ||    17
       Short sword       |    14 |   106 ||   120
       Punch             |       |     1 ||     1
  Use: Scroll            |     1 |     5 ||     6
 Stab: Sleeping          |    13 |     5 ||    18
Armor: Ring mail         |    21 |    40 ||    61
Dodge: Dodged            |    49 |    62 ||   111

Table legend: (Time is in decaauts)
 A = Elapsed time spent in this place.
 B = Non-inter-level travel time spent in this place.
 C = Inter-level travel time spent in this place.
 D = Time resting spent in this place.
 E = Time spent auto-exploring this place.
 F = Levels seen in this place.
 G = Mean time per level.
                   A        B        C        D        E       F      G
               +--------+--------+--------+--------+--------+-----+--------+
         Total |   2588 |   2403 |    185 |     41 |   1765 |   3 |  862.7 |
       Dungeon |   2588 |   2403 |    185 |     41 |   1765 |   3 |  862.7 |
               +--------+--------+--------+--------+--------+-----+--------+

Top non-repeatable levels by time:
     D:2: 1147 daAuts
     D:3: 855 daAuts
     D:1: 586 daAuts
